 Dungeon Crawl Stone Soup version 0.26-a0-1013-gf6ffb0d6bd (webtiles) character file.

Game seed: 7098963360860081113

1135 lunkers the Insei (level 8, -4/64 HPs)
             Began as a Naga Transmuter on Dec 7, 2020.
             Was a Believer of Cheibriados.
             Slain by a troll (11 damage)
             ... on level 5 of the Dungeon.
             The game lasted 00:15:03 (6058 turns).

lunkers the Insei (Naga Transmuter)                 Turns: 6058, Time: 00:15:03

Health: -4/64      AC:  3    Str: 19    XL:     8   Next: 36%
Magic:  0/11       EV: 10    Int: 20    God:    Cheibriados [**....]
Gold:   147        SH:  0    Dex: 19    Spells: 8/11 levels left

rFire    . . .     SeeInvis +     - Unarmed
rCold    . . .     Faith    .   (no shield)
rNeg     . . .     Spirit   +   (no armour)
rPois    +         Reflect  .   (no helmet)
rElec    .         Harm     .   l - +0 cloak
rCorr    .         Rampage  .   (no gloves)
Will     +....                  (no barding)
Stlth    ++........             c - amulet of guardian spirit
HPRegen  0.20/turn              (no ring)
MPRegen  0.12/turn              (no ring)

@: very slightly contaminated, very slow
A: large, see invisible, deformed body, poison resistance, slowness 2, spit
poison 1, AC +2
a: Spit Poison, Bend Time, Renounce Religion


You were on level 5 of the Dungeon.
You worshipped Cheibriados.
Cheibriados was pleased with you.
You visited 1 branch of the dungeon, and saw 5 of its levels.

You collected 301 gold pieces.
You spent 154 gold pieces at shops.

Inventory:

Armour
 a - a +0 robe
 l - a +0 cloak (worn)
 n - the +3 leather armour of Pogeihin {-Cast *Corrode rElec WL+++}
   (You bought it in a shop on level 5 of the Dungeon)

   It insulates you from electricity.
   It affects your willpower, your defense against some magical effects.
   It prevents spellcasting.
   It may corrode you when you take damage.
Jewellery
 c - an amulet of guardian spirit (around neck)
 o - an uncursed ring of ice {unknown}
Scrolls
 b - 3 scrolls of enchant armour {unknown}
 d - 4 scrolls of remove curse {unknown}
 e - a scroll of fear {unknown}
 g - 5 scrolls of amnesia
 k - 2 scrolls of enchant weapon {unknown}
 m - a scroll of teleportation {unknown}
Potions
 f - a potion of might
 h - a potion of brilliance
 i - a potion of mutation
 j - 3 potions of curing


   Skills:
 + Level 1.3 Fighting
 - Level 1.5 Dodging
 + Level 7.4 Unarmed Combat
 + Level 2.1 Spellcasting
 + Level 7.0 Transmutations


You had 8 spell levels left.
You knew the following spells:

 Your Spells              Type           Power        Failure   Level
b - Spider Form           Tmut/Pois      ###.......   11%         3

Your spell library contained the following spells:

 Spells                   Type           Power        Failure   Level
 Beastly Appendage        Tmut           ####..       1%          1
 Wereblood                Tmut           ####....     1%          2
 Freeze                   Ice            #...         16%         1
 Blade Hands              Tmut           ####......   24%         5
 Ice Form                 Ice/Tmut       ###.....     36%         4
 Frozen Ramparts          Ice            #.....       43%         3
 Ozocubu's Armour         Ice            #.......     43%         3
 Hailstorm                Conj/Ice       #.......     83%         4
 Summon Ice Beast         Ice/Summ       #.......     83%         4


Dungeon Overview and Level Annotations

Branches:
Dungeon (5/15)
 Temple: D:4-7

Altars:
Cheibriados
Fedhas
Kikubaaqudgha
Nemelex Xobeh
Ru
Sif Muna
Trog
Uskayaw
Yredelemnul
The Shining One

Shops:
D:5 *(

Annotations:
D:4 2 runed translucent doors, ALWAYSlose's ghost, amateur DsIE


Innate Abilities, Weirdness & Mutations

You cannot wear boots.
Your serpentine skin is tough. (AC +2)
You have supernaturally acute eyesight. (SInv)
Armour fits poorly on your strangely shaped body.
Your system is resistant to poisons. (rPois)
You cover ground very slowly.
You can spit poison.


Message History

Okay, then.
Casting: Spider Form (dangerous; 11% risk of failure)
Confirm with . or Enter, or press ? or * to list all spells.
You miscast Spider Form.
You are very lightly contaminated with residual magic.
Nothing appears to happen.
The troll bites you!
* * * LOW MAGIC WARNING * * *
* * * LOW HITPOINT WARNING * * *
The troll claws you.
* * * LOW HITPOINT WARNING * * *
The troll barely misses you.
Okay, then.
You aren't carrying any items that you can evoke.
Unknown command.
The troll bites you!
* * * LOW MAGIC WARNING * * *
* * * LOW HITPOINT WARNING * * *
The troll claws you!
* * * LOW MAGIC WARNING * * *
You die...

................# ...
..............# ...
..##.....#.....## ...
.........##.....# . ...
#..<........##... .##
#.................
#............##...
#........T...##..>
#.........@....#..##
#...........#......
............#..... ..#≈≈
.............##..##...#≈
..........#..# #.'
.##.........## #.#
##......##...####.#
#.......#........<###+##
##....P.)#...............


You could see a troll.

Vanquished Creatures
  Grinder (D:4)
  Menkaure (D:4)
  Duvessa (D:4)
  A phantom (D:5)
  Blork the orc (D:4)
  Dowan (D:4)
  A howler monkey (D:4)
  2 hounds
  2 orc wizards (D:4)
  Crazy Yiuf (D:3)
  An orc priest (D:4)
  Jessica (D:2)
  A bullfrog skeleton (D:4)
  4 worker ants (D:4)
  5 adders
  2 shadow imps
  A white imp (D:5)
  2 oozes
  3 worms
  A dart slug (D:1)
  3 leopard geckos
  8 orcs
  A ball python (D:1)
  3 giant cockroaches
  8 goblins
  8 hobgoblins
  5 jackals
  4 kobolds
  A quokka (D:3)
  6 bats
  A frilled lizard (D:1)
  A leopard gecko skeleton (D:4)
  11 rats
93 creatures vanquished.

Vanquished Creatures (others)
  A plant (D:5)
1 creature vanquished.

Grand Total: 94 creatures vanquished

Notes
Turn   | Place    | Note
-------+----------+-------------------------------------------
     0 | D:1      | lunkers the Naga Transmuter began the quest for the Orb.
     0 | D:1      | Reached XP level 1. HP: 18/18 MP: 3/3
    78 | D:1      | Reached XP level 2. HP: 25/25 MP: 3/5
   751 | D:2      | Reached XP level 3. HP: 31/31 MP: 6/6
   773 | D:2      | Learned a level 3 spell: Spider Form
   825 | D:2      | Noticed Jessica
   829 | D:2      | Killed Jessica
   877 | D:2      | Reached XP level 4. HP: 37/38 MP: 3/7
  1362 | D:2      | Found a shimmering blue altar of Sif Muna.
  1394 | D:2      | Found a blossoming altar of Fedhas.
  1398 | D:2      | Found a snail-covered altar of Cheibriados.
  1398 | D:2      | Found a sacrificial altar of Ru.
  1415 | D:2      | Became a worshipper of Cheibriados the Contemplative
  1556 | D:2      | Found a faded altar of an unknown god.
  2411 | D:3      | Reached XP level 5. HP: 44/44 MP: 8/8
  2545 | D:3      | Reached * piety under Cheibriados
  3013 | D:3      | Found a runed translucent door.
  3014 | D:3      | Noticed Crazy Yiuf
  3424 | D:3      | Killed Crazy Yiuf
  3806 | D:4      | Noticed Dowan
  3808 | D:4      | Noticed Duvessa
  3909 | D:4      | Killed Duvessa
  3910 | D:4      | Reached skill level 5 in Unarmed Combat
  3910 | D:4      | Reached XP level 6. HP: 30/51 MP: 4/9
  3918 | D:4      | Killed Dowan
  4098 | D:4      | Reached skill level 5 in Transmutations
  4130 | D:4      | Noticed Grinder
  4150 | D:4      | Killed Grinder
  4151 | D:4      | Reached XP level 7. HP: 28/57 MP: 2/10
  4401 | D:4      | Reached ** piety under Cheibriados
  4772 | D:4      | Found a runed translucent door.
  4772 | D:4      | Noticed ALWAYSlose's ghost (amateur DsIE)
  4780 | D:4      | Noticed a moth of wrath
  4783 | D:4      | Found a bloodstained altar of Trog.
  4926 | D:4      | Noticed Menkaure
  4932 | D:4      | Killed Menkaure
  5168 | D:4      | Found a runed translucent door.
  5229 | D:4      | Noticed Blork the orc
  5239 | D:4      | Reached XP level 8. HP: 55/64 MP: 8/11
  5250 | D:4      | Killed Blork the orc
  5521 | D:4      | Found a basalt altar of Yredelemnul.
  5563 | D:4      | Found a hide-covered altar of Uskayaw.
  5590 | D:4      | Found a glowing golden altar of the Shining One.
  5597 | D:4      | Found a sparkling altar of Nemelex Xobeh.
  5719 | D:5      | Entered Level 5 of the Dungeon
  5719 | D:5      | Noticed a troll
  5904 | D:5      | Found an ancient bone altar of Kikubaaqudgha.
  5991 | D:5      | Found Taciy's Antique Weapon Boutique.
  6005 | D:5      | Found Ufisi's Assorted Antiques.
  6012 | D:5      | Bought a twisted leather armour for 154 gold pieces
  6022 | D:5      | Identified the +3 leather armour of Pogeihin {-Cast
                  | *Corrode rElec WL+++} (You bought it in a shop on level 5
                  | of the Dungeon)
  6058 | D:5      | Slain by a troll

Illustrated notes

Levels and vault maps discovered:
D:1:      minmay_arrival_three_doors, layout_loops_ring, serial_bayou_pond_e
D:2:      layout_loops_ring, grunt_temple_overflow_open,
          chequers_ecumenical_altar_grove, uniq_jessica
D:3:      layout_basic, uniq_crazy_yiuf_cottage
D:4:      layout_basic, nicolae_overflow_quartered_altars,
          ebering_ghost_sewer_f, tgw_trog, uniq_menkaure, uniq_blork_the_orc,
          uniq_grinder, uniq_duvessa
D:5:      layout_cave_pools, kennysheep_mini_moat, serial_shops, shop,
          nicolae_shop_overgrown_old_shop, kennysheep_little_box, shop

Skill      XL: |  1  2  3  4  5  6  7  8 |
---------------+-------------------------+-----
Transmutations | 3 4 5 6 7 |  7.0
Unarmed Combat | 4 5 6 7 |  7.4
Fighting       | |  1.3
Dodging        | |  1.5
Spellcasting   | |  2.1

Action                   |  1- 3 |  4- 6 |  7- 9 || total
-------------------------+-------+-------+-------++-------
Melee: Unarmed           |    27 |   183 |    76 ||   286
       Headbutt          |     1 |       |       ||     1
       Punch             |       |     1 |       ||     1
 Cast: Beastly Appendage |    10 |       |       ||    10
       Spider Form       |     1 |    14 |    12 ||    27
 Abil: Spit Poison       |    17 |    26 |    11 ||    54
  Use: Scroll            |       |     5 |     1 ||     6
Armor: Robe              |     9 |    26 |     4 ||    39
       Skin              |     1 |     4 |     5 ||    10
Dodge: Dodged            |    27 |    93 |    67 ||   187

Table legend: (Time is in decaauts)
 A = Elapsed time spent in this place.
 B = Non-inter-level travel time spent in this place.
 C = Inter-level travel time spent in this place.
 D = Time resting spent in this place.
 E = Time spent auto-exploring this place.
 F = Levels seen in this place.
 G = Mean time per level.
                   A        B        C        D        E       F      G
               +--------+--------+--------+--------+--------+-----+--------+
         Total |   8224 |   7905 |    319 |     49 |   6832 |   5 | 1644.8 |
       Dungeon |   8224 |   7905 |    319 |     49 |   6832 |   5 | 1644.8 |
               +--------+--------+--------+--------+--------+-----+--------+

Top non-repeatable levels by time:
     D:4: 2752 daAuts
     D:3: 2525 daAuts
     D:2: 1579 daAuts
     D:1: 938 daAuts
     D:5: 428 daAuts
